 Dungeon Crawl Stone Soup version 0.28.0-49-g6dfe1f597d (webtiles) character file.

Game seed: 12152114431058128381

2826 Exodus22XD the Cleaver (level 9, -2/78 HPs)
             Began as a Minotaur Fighter on May 20, 2022.
             Was a Priest of Okawaru.
             Slain by a two-headed ogre
             ... wielding a +0 giant club
              (20 damage)
             ... on level 8 of the Dungeon.
             The game lasted 00:06:12 (8632 turns).

Exodus22XD the Cleaver (Minotaur Fighter)           Turns: 8632, Time: 00:06:12

Health: -2/78      AC: 11    Str: 26    XL:     9   Next: 45%
Magic:  9/10       EV: 11    Int:  5    God:    Okawaru [***...]
Gold:   321        SH:  6    Dex:  9    Spells: 8/8 levels left

rFire   . . .      SeeInvis .   a - +0 war axe
rCold   . . .      Faith    .   c - +0 buckler
rNeg    . . .      Spirit   .   b - +0 scale mail
rPois   .          Reflect  .   (helmet restricted)
rElec   .          Harm     .   (no cloak)
rCorr   .          Rampage  .   (no gloves)
Will    .....                   i - +0 pair of boots
Stlth   +.........              (no amulet)
HPRegen 0.23/turn               (no ring)
MPRegen 0.12/turn               (no ring)

@: heroic, hasted, very quick
A: horns 2, retaliatory headbutt
a: Renounce Religion, Heroism


You were on level 8 of the Dungeon.
You worshipped Okawaru.
Okawaru was most pleased with you.
You visited 2 branches of the dungeon, and saw 9 of its levels.

You collected 321 gold pieces.

Inventory:

Hand Weapons
 a - a +0 war axe (weapon)
 A - a +1 whip of holy wrath
Missiles
 t - a throwing net (quivered)
Armour
 b - a +0 scale mail (worn)
 c - a +0 buckler (worn)
 i - a +0 pair of boots (worn)
Jewellery
 s - a ring of fire
Scrolls
 e - 3 scrolls of vulnerability {unknown}
 l - a scroll of brand weapon
 n - 3 scrolls of fog
 r - a scroll of fear {unknown}
 u - a scroll of blinking {unknown}
 v - a scroll of magic mapping {unknown}
 x - a scroll of immolation {unknown}
 y - a scroll of enchant armour {unknown}
Potions
 d - a potion of might
 g - a potion of invisibility {unknown}
 h - a potion of magic
 j - a potion of cancellation {unknown}
 k - 4 potions of flight
 m - a potion of heal wounds {unknown}
 o - a potion of degeneration {unknown}
 p - a potion of lignification
 q - a potion of resistance {unknown}
 w - a potion of ambrosia {unknown}
 z - 2 potions of curing {unknown}
 B - a potion of mutation {unknown}
 C - a potion of attraction {unknown}


   Skills:
 + Level 6.8(11.8) Fighting
 + Level 9.5(14.5) Axes
 * Level 3.8(8.8) Throwing
 + Level 8.8(13.8) Armour
 + Level 5.5(10.5) Shields
 * Level 3.8 Invocations


You had 8 spell levels left.
You didn't know any spells.
Your spell library contained the following spells:

 Spells                   Type           Power      Damage    Failure   Level
 Apportation              Tloc           0%         N/A       75%         1
 Alistair's Intoxication  Tmut/Pois      0%         N/A       100%        5


Dungeon Overview and Level Annotations

Branches:
Dungeon (8/15)             Temple (1/1) D:5
   Lair: D:8-11

Altars:
Ashenzari
Cheibriados
Dithmenos
Elyvilon
Fedhas
Gozag
Hepliaklqana
Kikubaaqudgha
Makhleb
Nemelex Xobeh
Okawaru
Qazlal
Ru
Sif Muna
Trog
Uskayaw
Vehumet
Wu Jian
Xom
Yredelemnul
The Shining One

Shops:
D:3 [


Innate Abilities, Weirdness & Mutations

You have a pair of horns on your head.
You reflexively headbutt those who attack you in melee.


Message History

You furiously retaliate!
You headbutt the bullfrog!
A two-headed ogre comes into view. It is wielding two +0 giant clubs.
The hornet stings you!
You feel yourself slow down.
You closely miss the hornet.
The hornet is lightly wounded.
You slash the bullfrog!
You kill the bullfrog!
Okawaru accepts your kill.
The howler monkey hoots and howls with incredible vigour!
The hornet barely misses you.
You hear an angry buzzing noise.
You hear a shout!
You hear an angry hiss.
You feel yourself speed up. The hornet stings you!
You feel yourself slow down. The hornet stings you.
You suddenly lose the ability to move!
The hornet stings you.
You feel as though you will be slow longer.
You can move again.
You block the hornet's attack.
The howler monkey hoots and howls with incredible vigour!
The hornet stings you.
You feel as though you will be slow longer.
You hear a shout!
You hear an angry buzzing noise.
You hear a shout! x4
You block the hornet's attack. The hornet stings you.
You suddenly lose the ability to move!
The hornet stings you but does no damage.
You can move again.
Unknown command.
The howler monkey hoots and howls with incredible vigour!
The hornet stings you but does no damage. x2
You hear an angry buzzing noise. x2; You hear a shout!
Unknown command.
Okay, then.
You feel yourself speed up.
You feel yourself speed up. The hornet closely misses you.
You block the hornet's attack.
You barely miss the two-headed ogre. You hit the hornet.
The two-headed ogre hits you with a +0 giant club!!
* * * LOW HITPOINT WARNING * * *
The two-headed ogre hits you with a +0 giant club!!
You die...

. #...## #. ......
.###..#... .........
###........
##......O...
###########...#.....#.
#.........Oh..#....##
#........@y####....#
#.......#### ....#
#.......# ....#
#.......# ....#
#.......# ....#
#.....<.# #########


You could see a two-headed ogre, a hornet and a howler monkey (catching breath).

Vanquished Creatures
  A troll (D:7)
  5 yaks (D:7)
  Menkaure (D:7)
  A water moccasin (D:6)
  A hornet zombie (D:7)
  An ice beast (D:7)
  A necrophage (D:6)
  3 ogres (D:6)
  2 phantoms (D:5)
  A bullfrog (D:8)
  A scorpion (D:4)
  A water moccasin zombie (D:6)
  A howler monkey (D:5)
  A hound (D:5)
  A bullfrog zombie (D:5)
  3 jellies
  An orc priest (D:4)
  2 gnoll shamans
  Jessica (D:2)
  3 bullfrog skeletons
  An iguana (D:4)
  A killer bee zombie (D:7)
  3 hound skeletons
  A howler monkey zombie (D:6)
  A howler monkey skeleton (D:5)
  11 gnolls
  10 adders
  3 white imps
  2 adder skeletons
  A worm (D:4)
  16 orcs
  7 endoplasms
  4 giant cockroaches
  4 goblins
  6 hobgoblins
  4 quokkas
  3 ball pythons
  7 bats
  3 frilled lizards
  7 kobolds
  10 rats
137 creatures vanquished.

Notes
Turn   | Place    | Note
-------+----------+-------------------------------------------
     0 | D:1      | Exodus22XD the Minotaur Fighter began the quest for the
                  | Orb.
     0 | D:1      | Reached XP level 1. HP: 19/19 MP: 0/0
   241 | D:1      | Reached XP level 2. HP: 27/27 MP: 1/1
   842 | D:2      | Reached skill level 3 in Axes
   842 | D:2      | Reached XP level 3. HP: 28/33 MP: 2/2
   907 | D:2      | Noticed Jessica
   913 | D:2      | Killed Jessica
   914 | D:2      | Reached XP level 4. HP: 31/41 MP: 3/3
  1433 | D:3      | Found Ofawk's Armour Shoppe.
  1749 | D:3      | Reached skill level 4 in Axes
  1840 | D:3      | Reached XP level 5. HP: 47/47 MP: 4/4
  1900 | D:3      | Found a hide-covered altar of Uskayaw.
  1950 | D:3      | Found a hazy altar of Hepliaklqana.
  1950 | D:3      | Found an ancient bone altar of Kikubaaqudgha.
  1952 | D:3      | Found a shadowy altar of Dithmenos.
  2638 | D:4      | Reached skill level 5 in Armour
  2692 | D:4      | Reached skill level 5 in Axes
  2795 | D:4      | Reached XP level 6. HP: 38/55 MP: 5/5
  3865 | D:5      | Entered Level 5 of the Dungeon
  3872 | D:5      | Reached skill level 5 in Fighting
  3907 | D:5      | Reached skill level 6 in Axes
  3937 | D:5      | HP: 1/56 [phantom (6)]
  4252 | D:5      | Reached XP level 7. HP: 56/61 MP: 6/6
  4558 | D:5      | Found a staircase to the Ecumenical Temple.
  4724 | Temple   | Entered the Ecumenical Temple
  4817 | Temple   | Became a worshipper of Warmaster Okawaru
  5201 | D:6      | Reached skill level 7 in Axes
  5248 | D:6      | Reached skill level 1 in Invocations
  5626 | D:6      | Reached XP level 8. HP: 49/69 MP: 8/8
  5819 | D:6      | Reached skill level 1 in Throwing
  5820 | D:6      | Reached skill level 5 in Shields
  6304 | D:6      | Reached * piety under Okawaru
  6757 | D:7      | Reached skill level 8 in Axes
  6888 | D:7      | Identified the +1 leather armour "Baontave" {Fly Dex+2
                  | Stlth+}
  7201 | D:7      | Noticed Menkaure
  7208 | D:7      | Killed Menkaure
  7508 | D:7      | Reached ** piety under Okawaru
  7595 | D:7      | Noticed a troll
  7605 | D:7      | Killed a troll
  7914 | D:7      | Reached XP level 9. HP: 46/75 MP: 7/10
  7917 | D:7      | Reached skill level 9 in Axes
  7924 | D:7      | Reached *** piety under Okawaru
  8622 | D:8      | Noticed a two-headed ogre
  8624 | D:8      | Paralysed by a hornet for 2 turns
  8628 | D:8      | Paralysed by a hornet for 2 turns
  8632 | D:8      | Slain by a two-headed ogre

Illustrated notes

Levels and vault maps discovered:
D:1:      dpeg_arrival_line_fractal, layout_loops_ring, minmay_hedge_maze,
          nicolae_figureground_pulse
D:2:      layout_rooms, uniq_jessica
D:3:      layout_basic, mainiacjoe_overflow_concentric_impassable,
          gammafunk_temple_overflow_claw, serial_shops, shop, minmay_liquid_box,
          minmay_fractal_squares_5
D:4:      layout_layer_cave, minmay_misc_feat_cross
D:5:      layout_rooms, minmay_temple_entry_nine_rooms,
          chequers_serial_rivers_marsh
D:6:      layout_loops_ring
D:7:      layout_basic, grunt_decor_cap, uniq_menkaure
D:8:      layout_rooms, serial_shops, kennysheep_mini, disabler_island
Temple:   minmay_crystal_spiral_temple

Skill      XL: |  1  2  3  4  5  6  7  8  9 |
---------------+----------------------------+-----
Armour         | 4 5 7 8 |  8.8
Fighting       | 4 5 6 |  6.8
Axes           | 3 4 5 6 7 8 9 |  9.5
Shields        | 4 5 |  5.5
Invocations    | 1 3 |  3.8
Throwing       | 3 |  3.8

Action                   |  1- 3 |  4- 6 |  7- 9 || total
-------------------------+-------+-------+-------++-------
Melee: War axe           |    51 |   146 |   170 ||   367
       Headbutt          |     6 |    20 |    41 ||    67
Invok: Heroism           |       |       |     5 ||     5
  Use: Scroll            |       |     5 |     1 ||     6
       Potion            |       |       |     2 ||     2
Armor: Scale mail        |    22 |    69 |    66 ||   157
Dodge: Dodged            |    28 |    47 |    78 ||   153
Block: Buckler           |     4 |    22 |    38 ||    64
